 Dungeon Crawl Stone Soup version 0.22.3-3-g34f245f157 (webtiles) character file.

7203 Morbidden the Sneak (level 11, -1/58 HPs)
             Began as a Vine Stalker Assassin on Aug 21, 2020.
             Was an Elder of Cheibriados.
             Slain by Harold
             ... wielding a +0 glaive
              (13 damage)
             ... on level 7 of the Dungeon.
             The game lasted 00:18:28 (6956 turns).

Morbidden the Sneak (Vine Stalker Assassin)         Turns: 6956, Time: 00:18:29

Health: -1/58      AC: 16    Str: 25    XL:     11   Next: 11%
Magic:  0/21       EV: 10    Int: 20    God:    Cheibriados [****..]
Gold:   643        SH:  3    Dex: 29    Spells: 23/23 levels left

rFire    . . .     SeeInvis .   n - +2 short sword (elec)
rCold    . . .     Gourm    .   (no shield)
rNeg     . . .     Faith    .   w - +0 plate armour
rPois    .         Spirit   +   o - +0 helmet
rElec    .         Reflect  +   d - +0 cloak
rCorr    .         Harm     .   (no gloves)
MR       +....                  l - +0 pair of boots
Stlth    ..........             a - +3 amulet of reflection
HPRegen  0.59/turn              v - +3 ring of dexterity
MPRegen  0.17/turn              (no ring)

@: marked, drained, very slow
A: fangs 3, regeneration 1, magic shield, antimagic bite, no potion heal 3, rot
immunity
a: Bend Time, Temporal Distortion, Slouch, Renounce Religion


You were on level 7 of the Dungeon.
You worshipped Cheibriados.
Cheibriados was greatly pleased with you.
You were very hungry.

You visited 1 branch of the dungeon, and saw 10 of its levels.
You also visited: Sewer.

You collected 643 gold pieces.

Inventory:

Hand Weapons
 b - a +0 blowgun
 n - a +2 short sword of electrocution (weapon)
 A - a +1 flail of venom
 O - a +2 scimitar
Missiles
 e - 11 poisoned needles
 h - 3 poisoned tomahawks
 x - 245 stones
 E - 16 tomahawks (quivered)
 K - a throwing net
 M - 8 silver javelins
Armour
 d - a +0 cloak (worn)
 l - a +0 pair of boots (worn)
 o - a +0 helmet (worn)
 w - a +0 plate armour (worn)
Jewellery
 a - a +3 amulet of reflection (around neck)
 v - a +3 ring of dexterity (left hand)
Scrolls
 i - a scroll of fog
 j - 3 scrolls of remove curse
 q - 3 scrolls of teleportation
 r - 3 scrolls of immolation
 B - a scroll of amnesia
 F - a scroll of fear
 G - 2 scrolls of identify
 H - a scroll of holy word {unknown}
 J - a scroll of enchant weapon {unknown}
Potions
 c - 2 potions of magic
 f - a potion of flight {unknown}
 k - 2 potions of might {unknown}
 m - 3 potions of heal wounds
 p - 5 potions of curing {unknown}
 t - 2 potions of berserk rage {unknown}
 u - 2 potions of ambrosia {unknown}
 z - 2 potions of resistance {unknown}
 C - a potion of lignification {unknown}
 D - 2 potions of mutation
 I - 2 potions of invisibility {unknown}
 N - a potion of agility {unknown}
Comestibles
 g - 12 rations


   Skills:
 * Level 6.4(6.0) Fighting
 + Level 6.9(6.6) Short Blades
 + Level 0.4(0.1) Maces & Flails
 + Level 4.6(4.2) Throwing
 + Level 5.6(5.3) Armour
 + Level 3.8(3.5) Dodging
 + Level 7.4(7.0) Stealth
 * Level 6.5(6.1) Spellcasting
 * Level 5.0(4.7) Invocations


You had 23 spell levels left.
You didn't know any spells.
Your spell library contained the following spells:

 Spells                   Type           Power        Failure   Level  Hunger
 Corona                   Hex            #......      82%         1    None
 Freeze                   Ice            #...         82%         1    None
 Slow                     Hex            #.......     91%         2    None
 Throw Frost              Conj/Ice       #.....       91%         2    None
 Inner Flame              Hex/Fire       #.......     99%         3    ##.....
 Ozocubu's Armour         Chrm/Ice       #.......     99%         3    ##.....
 Portal Projectile        Hex/Tloc       #.....       99%         3    ##.....
 Cause Fear               Hex            #.........   100%        4    ####...
 Leda's Liquefaction      Hex/Erth       #.........   100%        4    ####...
 Summon Ice Beast         Ice/Summ       #.......     100%        4    ####...
 Throw Icicle             Conj/Ice       #.......     100%        4    ####...


Dungeon Overview and Level Annotations

Branches:
Dungeon (10/15)              Lair (0/6) D:8
 Temple: D:4-7          Orc: D:9-12

Altars:
Ashenzari
Cheibriados
Fedhas
Kikubaaqudgha
Nemelex Xobeh
Qazlal
Xom
Yredelemnul
Zin

Annotations:
D:7 Harold


Innate Abilities, Weirdness & Mutations

You have razor-sharp teeth.
Your natural rate of healing is unusually fast.
When hurt, damage is shared between your health and your magic reserves.
Your bite disrupts and absorbs the magic of your enemies.
Potions cannot restore your health.
You are immune to rotting.


Message History

Your plate armour prevents you from hitting Harold.
You bite Harold.
Harold's magic leaks into the air.
You drain his magic.
You feel invigorated.
Harold is moderately wounded.
Harold hits you with a glaive!
* * * LOW HITPOINT WARNING * * *
Unknown command.
Unknown command.
Unknown command.
Unknown command.
Unknown command.
You puncture Harold! You bite Harold, but do no damage.
Harold is heavily wounded.
Unknown command.
Unknown command.
Unknown command.
You barely miss Harold. Your bite misses Harold.
Harold is heavily wounded.
Harold hits you with a glaive!!
You die...

### ### #.. ..# #.# #.#
#.# #.#
#.##########.######
#.####.................#
##......#######.#.#.##[###
#.#####.#######..........#
.#.......@.......#...#.#.#
.....###@######........)..
#......#S######....#.#.#.#
(.....(...##.............#
..................########
..........................
.......#.###.####.########
#....###.# #.# #.# .###.
#.# # #.#


You could see Harold and an adder.

Vanquished Creatures
  2 two-headed ogres (D:10)
  A centaur zombie (D:10)
  A troll (D:10)
  2 hippogriffs
  Sigmund (D:5)
  2 wargs (D:8)
  Edmund (D:4)
  A water moccasin (D:5)
  3 orc warriors
  Duvessa (D:4)
  2 sky beasts
  An ice beast (D:6)
  2 black bears
  A necrophage (D:6)
  3 ogres
  4 centaurs
  A crocodile (Sewer)
  A big kobold (D:8)
  4 bullfrogs
  Blork the orc (D:4)
  Dowan (D:4)
  5 scorpions
  3 killer bees (D:8)
  9 wights
  5 howler monkeys
  6 crimson imps
  3 jellies
  5 hounds
  Crazy Yiuf (D:5)
  2 orc priests (D:8)
  3 bullfrog skeletons
  5 orc wizards
  2 centaur skeletons
  Terence (D:3)
  6 worker ants
  3 gnolls (D:9)
  8 adders
  A shadow imp (D:10)
  3 worms
  2 dart slugs
  3 leopard geckos
  27 orcs
  6 giant cockroaches
  7 goblins
  13 hobgoblins
  6 jackals
  3 quokkas
  2 ball pythons
  10 bats
  3 frilled lizards
  A giant cockroach zombie (D:5)
  17 kobolds
  6 rats
213 creatures vanquished.

Notes
Turn   | Place    | Note
-------+----------+-------------------------------------------
     0 | D:1      | Morbidden the Vine Stalker Assassin began the quest for the
                  | Orb.
     0 | D:1      | Reached XP level 1. HP: 11/11 MP: 2/2
    36 | D:1      | Reached skill level 5 in Stealth
    69 | D:1      | Reached XP level 2. HP: 13/15 MP: 3/3
   535 | D:1      | Reached skill level 1 in Spellcasting
   535 | D:1      | Reached XP level 3. HP: 15/18 MP: 2/5
  1017 | D:2      | Reached skill level 1 in Dodging
  1017 | D:2      | Gained mutation: Your natural rate of healing is unusually
                  | fast. [Vine Stalker growth]
  1017 | D:2      | Reached XP level 4. HP: 20/23 MP: 6/6
  1093 | D:2      | Reached skill level 6 in Stealth
  1761 | D:3      | Reached XP level 5. HP: 24/27 MP: 5/8
  1780 | D:3      | Found a glowing silver altar of Zin.
  1808 | D:3      | Found a snail-covered altar of Cheibriados.
  1978 | D:3      | Became a worshipper of Cheibriados the Contemplative
  2027 | D:3      | Noticed Terence
  2039 | D:3      | Killed Terence
  2320 | D:4      | Noticed Blork the orc
  2333 | D:4      | Killed Blork the orc
  2333 | D:4      | Reached XP level 6. HP: 32/32 MP: 8/10
  2439 | D:4      | Noticed Duvessa
  2442 | D:4      | Noticed Dowan
  2467 | D:4      | Killed Duvessa
  2480 | D:4      | Killed Dowan
  2480 | D:4      | Reached XP level 7. HP: 8/35 MP: 12/12
  2577 | D:4      | Reached * piety under Cheibriados
  2787 | D:4      | Noticed Edmund
  2795 | D:4      | Killed Edmund
  2829 | D:4      | Found a blossoming altar of Fedhas.
  2829 | D:4      | Found a sparkling altar of Nemelex Xobeh.
  3054 | D:5      | Entered Level 5 of the Dungeon
  3154 | D:5      | Found a stormy altar of Qazlal.
  3180 | D:5      | Reached skill level 1 in Armour
  3181 | D:5      | Noticed Sigmund
  3190 | D:5      | Killed Sigmund
  3190 | D:5      | Gained mutation: You have razor-sharp teeth. [Vine Stalker
                  | growth]
  3190 | D:5      | Reached XP level 8. HP: 18/42 MP: 14/14
  3287 | D:5      | Found an ancient bone altar of Kikubaaqudgha.
  3383 | D:5      | Reached skill level 7 in Stealth
  3449 | D:5      | Reached ** piety under Cheibriados
  3512 | D:5      | Found a runed door.
  3748 | D:5      | Noticed Crazy Yiuf
  3752 | D:5      | Killed Crazy Yiuf
  3829 | D:6      | Reached skill level 1 in Invocations
  4058 | D:6      | Found a glowing drain.
  4068 | Sewer    | Entered a sewer
  4158 | Sewer    | Reached XP level 9. HP: 35/46 MP: 13/16
  4688 | D:7      | Found a basalt altar of Yredelemnul.
  4778 | D:7      | You fall through a shaft for 3 floors!
  4778 | D:10     | Entered Level 10 of the Dungeon
  4847 | D:10     | Noticed a two-headed ogre
  4856 | D:10     | Killed a two-headed ogre
  4856 | D:10     | Reached skill level 5 in Fighting
  4856 | D:10     | Reached skill level 5 in Spellcasting
  4874 | D:10     | Reached skill level 5 in Short Blades
  4940 | D:10     | Reached *** piety under Cheibriados
  4962 | D:10     | Reached XP level 10. HP: 23/51 MP: 17/19
  5122 | D:10     | Noticed a two-headed ogre
  5131 | D:10     | Killed a two-headed ogre
  5302 | D:10     | Reached skill level 5 in Armour
  5757 | D:9      | Reached **** piety under Cheibriados
  5834 | D:9      | Found a shimmering altar of Xom.
  5840 | D:9      | Found a shimmering altar of Xom.
  6122 | D:8      | Found a staircase to the Lair.
  6190 | D:8      | Reached XP level 11. HP: 54/56 MP: 21/21
  6606 | D:8      | Reached skill level 5 in Invocations
  6840 | D:7      | Found a shattered altar of Ashenzari.
  6925 | D:7      | Noticed Harold
  6956 | D:7      | Slain by Harold

Skill      XL: |  1  2  3  4  5  6  7  8  9 10 11 |
---------------+----------------------------------+-----
Stealth        | 5 6 7 |  7.4
Fighting       | 2 3 4 5 6 |  6.4
Spellcasting   | 1 2 3 4 5 6 |  6.5
Short Blades   | 2 3 5 6 |  6.9
Dodging        | 1 2 3 |  3.8
Throwing       | 2 3 4 |  4.6
Armour         | 1 2 4 5 |  5.6
Invocations    | 1 3 4 5 |  5.0
Maces & Flails | |  0.4

Action                   |  1- 3 |  4- 6 |  7- 9 | 10-12 || total
-------------------------+-------+-------+-------+-------++-------
Melee: Dagger            |    85 |   162 |    48 |       ||   295
       Bite              |    21 |    49 |    95 |    83 ||   248
       Short sword       |       |       |   181 |   157 ||   338
       Flail             |       |       |     2 |       ||     2
 Fire: Blowgun           |    13 |    23 |    14 |    14 ||    64
Throw: Stone             |       |    12 |     9 |    15 ||    36
       Tomahawk          |       |       |       |     1 ||     1
Invok: Slouch            |       |       |       |     1 ||     1
Evoke: Wand              |       |       |     3 |       ||     3
  Use: Scroll            |     1 |       |    13 |     1 ||    15
       Potion            |       |       |     1 |     1 ||     2
 Stab: Sleeping          |     3 |     8 |     4 |       ||    15
       Distracted        |     1 |       |       |       ||     1
       Confused          |       |       |     2 |       ||     2
  Eat: Chunk             |       |     5 |     4 |     3 ||    12
Armor: Robe              |    20 |    29 |       |       ||    49
       Scale mail        |       |    30 |    91 |       ||   121
       Plate armour      |       |       |    31 |   123 ||   154
Dodge: Dodged            |    41 |    87 |   200 |    73 ||   401
Block: Other             |       |       |    13 |    20 ||    33
       Reflection        |       |       |       |     1 ||     1
